 Dungeon Crawl Stone Soup version 0.27.0-1-g7a089689b8 (webtiles) character file.

Game seed: 305910744383954829

49 Sobieck the Skirmisher (level 4, -1/38 HPs)
             Began as a Formicid Hunter on Aug 5, 2021.
             Was a Follower of Yredelemnul.
             Slain by a gnoll (4 damage)
             ... on level 2 of the Dungeon.
             The game lasted 00:05:06 (2208 turns).

Sobieck the Skirmisher (Formicid Hunter)            Turns: 2208, Time: 00:05:07

Health: -1/38      AC:  3    Str: 17    XL:     4   Next: 1%
Magic:  4/4        EV: 11    Int: 11    God:    Yredelemnul [*.....]
Gold:   38         SH:  0    Dex: 11    Spells: 3/3 levels left

rFire    . . .     SeeInvis +   b - +0 short sword {short}
rCold    . . .     Faith    .   (no shield)
rNeg     . . .     Spirit   .   c - +0 leather armour
rPois    .         Reflect  .   (helmet unavailable)
rElec    .         Harm     .   (no cloak)
rCorr    .         Rampage  .   (no gloves)
Will     .....                  (no boots)
Stlth    +.........             (no amulet)
HPRegen  0.12/turn              (no ring)
MPRegen  0.09/turn              (no ring)

@: no status effects
A: permanent stasis, dig shafts and tunnels, antennae 3, four strong arms
a: Dig, Shaft Self, Renounce Religion, Animate Remains


You were on level 2 of the Dungeon.
You worshipped Yredelemnul.
Yredelemnul was aware of your devotion.
You visited 1 branch of the dungeon, and saw 2 of its levels.

You collected 38 gold pieces.


Innate Abilities, Weirdness & Mutations

You cannot be hasted, slowed, berserked, paralysed or teleported.
You can dig through walls and to a lower floor.
You have a pair of large antennae on your head. (SInv)
Your four strong arms can wield two-handed weapons with a shield.


   Skills:
 + Level 4.4 Fighting
 - Level 4.0 Crossbows
 - Level 1.7 Dodging
 - Level 1.2 Stealth


You had 3 spell levels left.
You didn't know any spells.
Your spell library was empty.

Inventory:

Hand Weapons
 a - a +1 hand crossbow {crossbow}
 b - a +0 short sword (weapon) {short}
 f - a +0 mace of protection {mace}
   (You found it on level 1 of the Dungeon)
 m - a +0 short sword of distortion {!wshort}
   (You found it on level 2 of the Dungeon)
Missiles
 d - 20 bolts
 g - 40 stones (quivered) {throwing}
Armour
 c - a +0 leather armour (worn)
Magical Staves
 e - a staff of fire {!astaff}
   (You found it on level 1 of the Dungeon)
Jewellery
 k - a ring of wizardry
   (You found it on level 1 of the Dungeon)
Scrolls
 h - a scroll of vulnerability {unknown}
 j - a scroll of identify {unknown}
 l - a scroll of enchant armour {unknown}
 o - a scroll of teleportation {unknown}
Potions
 i - a potion of curing {unknown}
 n - a potion of might {unknown}
 p - a potion of attraction {unknown}

Dungeon Overview and Level Annotations

Branches:
Dungeon (2/15)

Altars:
Yredelemnul

Shops:
D:1

( .####...# #.######
##.
#....#.###.##########..
#.####..##.#...........
# ##.##.#...........
#..#.#........g..
##...............
#...............
##......Zg....g.
#......@Z......
##+##..............
#..................
#..................
#......#...........
#.....>#...........
...................)
$...................
.........#########.


You could see 3 gnolls, a friendly giant cockroach zombie and a friendly goblin
zombie.


Message History

Your giant cockroach zombie bites the giant cockroach.
You hit the giant cockroach but do no damage.
The bat misses you.
The giant cockroach bites you but does no damage.
The frilled lizard closely misses you.
Your giant cockroach zombie closely misses the giant cockroach.
The giant cockroach bites you but does no damage.
Unknown command.
You barely miss the giant cockroach. The bat hits you but does no damage.
The frilled lizard bites you. The giant cockroach bites you.
Your giant cockroach zombie barely misses the giant cockroach.
You barely miss the giant cockroach. The bat hits you but does no damage.
The frilled lizard barely misses you.
Your goblin zombie completely misses the frilled lizard.
The giant cockroach waves its antennae.
The giant cockroach closely misses you.
Your giant cockroach zombie barely misses the giant cockroach.
You barely miss the giant cockroach.
The bat hits your giant cockroach zombie but does no damage. x2
The giant cockroach bites you but does no damage.
The frilled lizard closely misses you.
Your goblin zombie misses the frilled lizard.
Your giant cockroach zombie closely misses the bat.
The giant cockroach bites you but does no damage.
Unknown command.
You barely miss the giant cockroach.
The bat barely misses your giant cockroach zombie.
The frilled lizard misses you.
Your goblin zombie hits the frilled lizard with a +0 club {mace}.
The frilled lizard dies!
Yredelemnul accepts your kill. The giant cockroach closely misses you.
You completely miss the giant cockroach.
The bat hits your giant cockroach zombie.
Your giant cockroach zombie barely misses the bat.
The giant cockroach bites you but does no damage.
Unknown command.
You hit the giant cockroach.
The bat hits your giant cockroach zombie but does no damage.
The giant cockroach bites you but does no damage.
Your giant cockroach zombie completely misses the bat.
Your goblin zombie closely misses the giant cockroach.
You barely miss the giant cockroach.
The bat hits your giant cockroach zombie but does no damage.
The giant cockroach barely misses you.
The giant cockroach bites you but does no damage.
Your goblin zombie hits the giant cockroach but does no damage.
You hit the giant cockroach.
You kill the giant cockroach!
Yredelemnul accepts your kill.
The bat hits your giant cockroach zombie but does no damage.
Your giant cockroach zombie closely misses the bat.
The bat barely misses your giant cockroach zombie.
Your giant cockroach zombie misses the bat.
The bat hits your giant cockroach zombie but does no damage.
Your giant cockroach zombie barely misses the bat.
You see here a scroll labelled PIFUAM URU BIV.
Unknown command.
Your goblin zombie misses the bat.
The bat hits you but does no damage.
Your giant cockroach zombie closely misses the bat.
You puncture the bat!
You kill the bat!
Yredelemnul accepts your kill.
You have reached level 4!
You feel clever.
o - a scroll labelled PIFUAM URU BIV
p - a metallic green potion You swap places.
You start resting.
You start resting.
A gnoll comes into view. It is wielding a +0 halberd.
Danger!
You are too injured to fight recklessly!
You are too injured to fight recklessly!
Unknown command.
What are your orders? t - Shout!
Orders for allies: a - Attack new target. r - Retreat! s - Stop attacking. g - Guard the area. f - Follow me.
Anything else - Cancel.
Gang up on whom?
Press: ? - help, Dir - move target, f - gnoll
Aim: a gnoll, wielding a +0 halberd (wandering, hasn't noticed you) Attack!
Unknown command.
The gnoll hits you with a +0 halberd!
* * * LOW HITPOINT WARNING * * *
A gnoll comes into view. It is wielding a +0 flail.
You hit the gnoll.
A gnoll comes into view. It is wielding a +0 spear.
The gnoll hits you with a +0 halberd!
* * * LOW HITPOINT WARNING * * *
Your giant cockroach zombie bites the gnoll but does no damage.
Unknown command.
You hit the gnoll.
Your goblin zombie closely misses the gnoll.
The gnoll hits you with a +0 halberd.
You die...
Your body rises from the dead as a mindless zombie.

Skill      XL: |  1  2  3 |
---------------+----------+-----
Fighting       | 3 4 |  4.4
Crossbows      | |  4.0
Dodging        | |  1.7
Stealth        | |  1.2

Action                   |  1- 3 |  4- 6 || total
-------------------------+-------+-------++-------
Melee: Short sword       |   119 |     2 ||   121
Invok: Animate Remains   |     6 |       ||     6
 Abil: Dig               |     4 |       ||     4
 Stab: Sleeping          |     4 |       ||     4
Armor: Leather armour    |    56 |       ||    56
Dodge: Dodged            |   100 |       ||   100

Levels and vault maps discovered:
D:1:      dpeg_arrival_prison, layout_basic, serial_shops, nicolae_diamond_shop,
          shapermc_ecumenical_altar_ellora, minivault_27
D:2:      layout_basic

Notes
Turn   | Place    | Note
-------+----------+-------------------------------------------
     0 | D:1      | Sobieck the Formicid Hunter began the quest for the Orb.
     0 | D:1      | Reached XP level 1. HP: 16/16 MP: 1/1
   169 | D:1      | Reached XP level 2. HP: 20/23 MP: 2/2
   175 | D:1      | Reached skill level 3 in Fighting
   291 | D:1      | HP: 6/24 [frozen (4)]
   687 | D:1      | Found a faded altar of an unknown god.
   706 | D:1      | Became a worshipper of Yredelemnul the Dark
   706 | D:1      | Reached * piety under Yredelemnul
   876 | D:1      | Reached XP level 3. HP: 27/29 MP: 3/3
  1723 | D:1      | Found Zamyr's Weapon Shop.
  1983 | D:2      | Reached skill level 4 in Fighting
  2168 | D:2      | Reached XP level 4. HP: 23/38 MP: 2/4
  2207 | D:2      | HP: 3/38 [gnoll (11)]
  2208 | D:2      | Slain by a gnoll

Vanquished Creatures
  An adder (D:2)
  5 bats
  2 endoplasms (D:1)
  7 giant cockroaches
  6 goblins
  4 hobgoblins
  A jackal (D:2)
  A quokka (D:1)
  4 ball pythons
  2 kobolds (D:1)
  A rat (D:1)
34 creatures vanquished.

Vanquished Creatures (collateral kills)
  A frilled lizard (D:2)
1 creature vanquished.

Grand Total: 35 creatures vanquished

Table legend:
 A = Non-vault XP
 B = Vault XP
 C = Vault XP percentage of total XP
 D = Non-vault monster count
 E = Vault monster count
 F = Vault count percentage of total count
                 A         B        C        D         E       F
            +---------+---------+-------+---------+---------+-------
      Total |      64 |       6 |   8.6 |      32 |       3 |   8.6
            +---------+---------+-------+---------+---------+-------
        D:1 |      36 |       6 |  14.3 |      22 |       3 |  12.0
        D:2 |      28 |       0 |   0.0 |      10 |       0 |   0.0
            +---------+---------+-------+---------+---------+-------

Illustrated notes

Table legend:
 A = Kills in this place as a percentage of kills in entire the game.
 B = Kills by you in this place as a percentage of kills by you in the entire game.
 C = Kills by friends in this place as a percentage of kills by friends in the entire game.
 D = Other kills in this place as a percentage of other kills in the entire game.
 E = Experience gained in this place as a percentage of experience gained in the entire game.
 F = Experience gained in this place divided by the number of levels of this place that you have seen.
                   A       B       C       D       E      F
               +-------+-------+-------+-------+-------+----------------------
         Total | 100.0 | 100.0 | 100.0 |   N/A | 100.0 |  35.0
       Dungeon | 100.0 | 100.0 | 100.0 |   N/A | 100.0 |  35.0
               +-------+-------+-------+-------+-------+----------------------

Table legend: (Time is in decaauts)
 A = Elapsed time spent in this place.
 B = Non-inter-level travel time spent in this place.
 C = Inter-level travel time spent in this place.
 D = Time resting spent in this place.
 E = Time spent auto-exploring this place.
 F = Levels seen in this place.
 G = Mean time per level.
                   A        B        C        D        E       F      G
               +--------+--------+--------+--------+--------+-----+--------+
         Total |   2219 |   2182 |     37 |    750 |   1090 |   2 | 1109.5 |
       Dungeon |   2219 |   2182 |     37 |    750 |   1090 |   2 | 1109.5 |
               +--------+--------+--------+--------+--------+-----+--------+

Top non-repeatable levels by time:
     D:1: 1962 daAuts
     D:2: 256 daAuts
